 Dungeon Crawl Stone Soup version 0.21-a0-442-g848f44b (webtiles) character file.

38 slep the Skirmisher (level 3, -1/43 HPs)
             Began as a Demonspawn Wanderer on Nov 16, 2017.
             Killed from afar by Sigmund (13 damage)
             ... with a puff of flame
             ... on level 2 of the Dungeon.
             The game lasted 00:05:05 (869 turns).

slep the Skirmisher (Demonspawn Wanderer)            Turns: 869, Time: 00:05:05

Health: -1/43      AC:  4    Str: 19    XL:     3   Next: 25%
Magic:  7/7        EV: 11    Int: 11    God:
Gold:   35         SH:  0    Dex: 13    Spells: 8/8 levels left

rFire    . . .     SeeInvis .   b - +0 mace
rCold    . . .     Gourm    .   (no shield)
rNeg     . . .     Faith    .   g - +0 leather armour
rPois    .         Spirit   .   (helmet restricted)
rElec    .         Reflect  .   (no cloak)
rCorr    .         Harm     .   l - +0 pair of gloves
MR       +....                  (no boots)
Stlth    ..........             (no amulet)
HPRegen  0.14/turn              (no ring)
MPRegen  0.10/turn              (no ring)

@: berserking (expiring), very quick
A: antennae 1, magic resistance 1, spiny 1
a: no special abilities


You were on level 2 of the Dungeon.
You were not hungry.

You visited 1 branch of the dungeon, and saw 2 of its levels.

You collected 35 gold pieces.

Inventory:

Hand Weapons
 b - a +0 mace (weapon)
Missiles
 e - 67 stones (quivered)
Armour
 d - a +0 robe
 g - a +0 leather armour (worn)
 l - a +0 pair of gloves (worn)
Scrolls
 k - 4 scrolls of amnesia {unknown}
 m - a scroll of fear {unknown}
 o - 3 scrolls of remove curse {unknown}
 q - 2 scrolls of random uselessness {unknown}
 s - a scroll of blinking {unknown}
 w - a scroll of enchant weapon {unknown}
Potions
 c - a potion of lignification
 h - a potion of cancellation {unknown}
 i - a potion of ambrosia {unknown}
 r - a potion of curing
 u - a potion of flight {unknown}
Books
 a - a book of Minor Magic

   Spells                             Type                      Level
   a - Magic Dart                     Conjuration                  1
   b - Blink                          Translocation                2
   c - Call Imp                       Summoning                    2
   d - Slow                           Hexes                        2
   e - Conjure Flame                  Conjuration/Fire             3
   f - Mephitic Cloud                 Conjuration/Poison/Air       3
Comestibles
 f - 2 bread rations
 j - 5 fruits
 p - a meat ration
 v - a royal jelly


   Skills:
 + Level 3.6 Fighting
 + Level 0.2 Maces & Flails
   Level 1.7 Bows
 + Level 0.1 Throwing
 + Level 0.2 Armour
 + Level 0.5 Dodging
 + Level 1.0 Stealth
 + Level 3.4 Spellcasting
   Level 1.0 Evocations


You had 8 spell levels left.
You didn't know any spells.

Dungeon Overview and Level Annotations

Branches:
Dungeon (2/15)

Altars:

Annotations:
D:2 Sigmund


Innate Abilities, Weirdness & Mutations

You are partially covered in sharp spines.
You have a pair of small antennae on your head.
You are resistant to hostile enchantments. (MR+)


Message History

Sigmund is moderately wounded.
Sigmund closely misses you.
You barely miss Sigmund.
Sigmund is moderately wounded.
You closely miss Sigmund.
Sigmund is moderately wounded.
Sigmund casts a spell.
Sigmund flickers and vanishes!
Deactivating autopickup; reactivate with Ctrl-A.
You miss something. Something hits you! Something burns you.
You thump something! You closely miss something. Something hits you.
Something burns you.
You closely miss something. You miss something. Something hits you!
Something burns you.
* * * LOW HITPOINT WARNING * * *
You completely miss something.
You hear some strange, mumbled words.
A puff of flame appears from out of thin air!
The puff of flame hits you!
You die...

########.# ###.###
########.# #.....#
.......#<###.....#
######...........#
# ###.###.....# #
#.# #.....# # #.#
###.#.# ##### #.#
#.#.## ....# #.#
#.#@.# ###.#
#..$....{.........
#.#
#######.##.#######
###.####### ...##.#
............#####.#
###.####### #.#
#....<.# #.#
######.########.#
#.........


There were no monsters in sight!

Vanquished Creatures
  An ooze (D:1)
  A worm (D:2)
  4 leopard geckos
  5 bats
  A giant cockroach (D:2)
  5 goblins
  2 hobgoblins
  2 frilled lizards
  4 kobolds
  A rat (D:1)
26 creatures vanquished.

Notes
Turn   | Place    | Note
-------+----------+-------------------------------------------
     0 | D:1      | slep the Demonspawn Wanderer began the quest for the Orb.
     0 | D:1      | slep set off with: a book of Minor Magic, a +0 mace, a potion of lignification, a +0 robe, a bread ration
     0 | D:1      | Reached XP level 1. HP: 18/18 MP: 4/4
    93 | D:1      | Gained mutation: You are partially covered in sharp spines. [demonic ancestry]
    93 | D:1      | Reached XP level 2. HP: 21/24 MP: 6/6
   560 | D:2      | Reached XP level 3. HP: 14/29 MP: 7/7
   855 | D:2      | Noticed Sigmund
   858 | D:2      | Gained mutation: You have a pair of small antennae on your head. [potion of mutation]
   858 | D:2      | Gained mutation: You are resistant to hostile enchantments. (MR+) [potion of mutation]
   869 | D:2      | Killed from afar by Sigmund

Vault maps used:
D:1:      dpeg_arrival_pond, minmay_misc_feat_room
D:2:      first_bread, uniq_sigmund, uniq_jessica

Action                   || total
-------------------------++-------
Melee: Mace              ||    66
Throw: Stone             ||    21
  Use: Potion            ||     3
 Stab: Sleeping          ||     1
Armor: Robe              ||     9
       Leather armour    ||    12
Dodge: Dodged            ||    29

Table legend:
 A = Spawn XP
 B = Non-spawn XP
 C = Spawn XP percentage of total XP
 D = Spawn monster count
 E = Non-spawn monster count
 F = Spawn count percentage of total count
 G = Total turns spent on level
                    A         B        C        D         E        F      G
               +---------+---------+-------+---------+---------+-------+---------
         Total |       0 |      55 |   0.0 |       0 |      26 |   0.0 |   869
               +---------+---------+-------+---------+---------+-------+---------
           D:1 |       0 |      32 |   0.0 |       0 |      14 |   0.0 |   412
           D:2 |       0 |      23 |   0.0 |       0 |      12 |   0.0 |   457
               +---------+---------+-------+---------+---------+-------+---------
